 Dungeon Crawl Stone Soup version 0.29-b1-12-g9e2288ab2a (webtiles) character file.

Game seed: 9291893073700961398

232 worthlessgem the Grave Robber (level 5, -1/31 HPs)
             Began as a Deep Elf Necromancer on Aug 23, 2022.
             Slain by a bullfrog (6 damage)
             ... in a sewer.
             The game lasted 00:20:03 (3601 turns).

worthlessgem the Grave Robber (DENe)                Turns: 3601, Time: 00:20:04

Health: -1/31      AC:  4    Str: 10    XL:     5   Next: 73%
Magic:  9/20       EV: 12    Int: 26    God:
Gold:   128        SH:  0    Dex: 15    Spells: 3/10 levels left

rFire   . . .      SeeInvis .   (no weapon)
rCold   . . .      Faith    .   (no shield)
rNeg    . . .      Spirit   .   o - +0 leather armour
rPois   +          Reflect  .   (no helmet)
rElec   .          Harm     .   (no cloak)
rCorr   .          Rampage  .   m - +0 pair of gloves
Will    .....                   (no boots)
Stlth   +.........              g - amulet of magic regeneration
HPRegen 0.10/turn               f - ring of magical power
MPRegen 0.57/turn               j - ring "Pine" {Contam rPois Str+3 Int+6}

@: very slow
A: no striking features
a: no special abilities


You were in a sewer.
You visited 1 branch of the dungeon, and saw 3 of its levels.
You also visited: Sewer.

You collected 128 gold pieces.

Inventory:

Hand Weapons
 h - a +0 short sword
 r - a +1 mace of protection
 s - a +0 sling
Missiles
 p - 2 throwing nets
Armour
 a - a +0 robe
 m - a +0 pair of gloves (worn)
 o - a +0 leather armour (worn)
Jewellery
 f - a ring of magical power (left hand)
 g - an amulet of magic regeneration (around neck)
 j - the ring "Pine" (right hand) {Contam rPois Str+3 Int+6}
   (You found it on level 2 of the Dungeon)

   [ring of intelligence]

   Str:       It affects your strength (+3).
   Int:       It affects your intelligence (+6).
   rPois:     It protects you from poison.
   Contam:    It causes magical contamination when unequipped.
Scrolls
 e - 6 scrolls of identify {unknown}
 k - a scroll of noise {unknown}
 l - 2 scrolls of vulnerability {unknown}
 n - 2 scrolls of enchant weapon {unknown}
 q - a scroll of magic mapping {unknown}
 t - a scroll of fear {unknown}
Potions
 b - 2 potions of magic
 c - a potion of might {unknown}
 d - 2 potions of attraction {unknown}
 i - a potion of curing


   Skills:
 - Level 2.3 Fighting
 - Level 1.6 Short Blades
 - Level 2.4 Dodging
 - Level 2.4 Stealth
 - Level 3.0 Spellcasting
 * Level 3.1 Conjurations
 - Level 4.8 Necromancy
 + Level 1.7 Air Magic
 + Level 2.1 Poison Magic


You had 3 spell levels left.
You knew the following spells:

 Your Spells              Type           Power      Damage    Failure   Level
a - Necrotise             Necr           100%       1d9       1%          1
b - Vampiric Draining     Necr           29%        2d8       5%          3
c - Mephitic Cloud        Conj/Pois/Air  16%        N/A       16%         3

Your spell library contained the following spells:

 Spells                   Type           Power      Damage    Failure   Level
 Ignite Poison            Fire/Tmut/Pois 7%         N/A       28%         3
 Animate Dead             Necr           29%        N/A       17%         4
 Agony                    Necr           29%        N/A       43%         5
 Borgnjor's Vile Clutch   Necr/Erth      8%         N/A       80%         5
 Freezing Cloud           Conj/Ice/Air   6%         6-21      88%         5
 Death Channel            Necr           14%        N/A       95%         6


Dungeon Overview and Level Annotations

Branches:
Dungeon (3/15)              Sewer (1/1)

Altars:

Shops:
D:1 :


Message History

The bullfrog hits you but does no damage.
The adder barely misses you. The adder bites you.
* * * LOW HITPOINT WARNING * * *
The adder misses you.
Your ball python skeleton closely misses the adder.
Your ball python skeleton grabs the adder.
Your ball python skeleton constricts the adder.
Your ball python skeleton bites the adder.
Your ball python skeleton constricts the adder.
It was a potion of curing.
You feel better. The bullfrog hits you.
* * * LOW HITPOINT WARNING * * *
The bullfrog misses you. The adder bites you.
* * * LOW HITPOINT WARNING * * *
The adder misses you. The adder barely misses you. The bullfrog misses you.
The bullfrog barely misses you.
Your ball python skeleton bites the adder but does no damage.
Your ball python skeleton constricts the adder.
Your ball python skeleton bites the adder.
Your ball python skeleton constricts the adder.
You feel better. The adder barely misses you. The adder bites you.
* * * LOW HITPOINT WARNING * * *
The bullfrog hits you but does no damage.
The adder bites you.
* * * LOW HITPOINT WARNING * * *
The bullfrog hits you.
* * * LOW HITPOINT WARNING * * *
Your ball python skeleton bites the adder.
Your ball python skeleton constricts the adder.
The adder closely misses you. x2
Your ball python skeleton bites the adder.
Your ball python skeleton constricts the adder.
Casting: Vampiric Draining (dangerous; 5% risk of failure)
Confirm with . or Enter, or press ? or * to list all spells.
Aiming: Vampiric Draining (dangerous; 5% risk of failure)
Press: ? - help, Shift-Dir - straight line, f/p - adder
Aim: an adder (almost dead)
You draw life force from the adder!
You kill the adder!
You feel life coursing into your body. The bullfrog hits you.
You die...

#~≈~~~≈#
#≈~~~~
#≈~~~~≈#
#~~~~~
#≈~~~~≈#
#~†~≈≈
#≈~~~~≈#
#~~~~≈
#~≈~~≈≈#
##~~~~
#~~≈~≈≈#
#≈~..~
#~.~≈≈≈#
#≈~~~~
#~FF≈≈≈#
#≈≈~~~
#~@#~≈≈#
#≈≈~~~
#S≈S~~≈#
#≈~~~~
#ZZ~~~≈#
#~~~~~
#≈~~~~≈#
#~~~~≈
#~≈~~~~#
#~~~≈≈
#~~~#~~#
#~~~~~
##~~~~##
#.~~~~
......
#.....
......#
##....


You could see 2 bullfrogs, 2 adders and 2 friendly ball python skeletons.

Vanquished Creatures
  5 river rats (Sewer)
  10 adders
  A worm (D:2)
  A dart slug (D:1)
  11 ball pythons
  4 bats
  7 endoplasms
  4 giant cockroaches
  4 goblins
  3 hobgoblins
  4 kobolds
  A quokka (D:2)
  2 frilled lizards
  20 rats
77 creatures vanquished.

Vanquished Creatures (collateral kills)
  2 river rats (Sewer)
  2 endoplasms
  A jackal (D:2)
  A kobold (D:2)
  4 ball pythons (Sewer)
  9 rats
19 creatures vanquished.

Grand Total: 96 creatures vanquished

Notes
Turn   | Place    | Note
-------+----------+-------------------------------------------
     0 | D:1      | worthlessgem the Deep Elf Necromancer began the quest for
                  | the Orb.
     0 | D:1      | Reached XP level 1. HP: 10/10 MP: 6/6
    70 | D:1      | Found Tafes's Book Emporium.
   186 | D:1      | Reached skill level 1 in Fighting
   416 | D:1      | Reached XP level 2. HP: 16/16 MP: 6/8
  1511 | D:2      | Identified the ring "Pine" {Contam rPois Str+3 Int+6}
  1640 | D:2      | Reached XP level 3. HP: 21/21 MP: 9/9
  1838 | D:2      | Reached skill level 1 in Short Blades
  2251 | D:2      | Learned a level 3 spell: Vampiric Draining
  2255 | D:2      | Learned a level 3 spell: Mephitic Cloud
  2726 | D:3      | Reached XP level 4. HP: 24/27 MP: 10/10
  2800 | D:3      | Reached skill level 1 in Conjurations
  2823 | D:3      | Found a faded altar of an unknown god.
  2899 | D:3      | Reached skill level 1 in Poison Magic
  2907 | D:3      | Found a glowing drain.
  2911 | Sewer    | Entered a sewer
  2954 | Sewer    | Reached skill level 1 in Air Magic
  3048 | Sewer    | Reached XP level 5. HP: 31/31 MP: 11/11
  3601 | Sewer    | Slain by a bullfrog

Illustrated notes

Levels and vault maps discovered:
D:1:      dpeg_arrival_central, layout_loops_corners, serial_shops, shop,
          chequers_hall_statues_corner_a
D:2:      layout_loops_ring, minmay_increasing_density
D:3:      layout_rooms, grunt_temple_overflow_diamond, gup_sewer_entry_bowl,
          ebering_ecumenical_altar_mist
Sewer:    sewer_minmay_w

Skill      XL: |  1  2  3  4  5 |
---------------+----------------+-----
Fighting       | 1 2 |  2.3
Short Blades   | 1 |  1.6
Conjurations   | 2 3 |  3.1
Poison Magic   | 1 2 |  2.1
Air Magic      | 1 |  1.7
Dodging        | |  2.4
Stealth        | |  2.4
Spellcasting   | |  3.0
Necromancy     | |  4.8

Action                   |  1- 3 |  4- 6 || total
-------------------------+-------+-------++-------
Melee: Short sword       |    32 |       ||    32
       Unarmed           |     6 |       ||     6
       Mace              |     4 |    10 ||    14
       Punch             |       |     2 ||     2
 Cast: Necrotise         |    49 |    78 ||   127
       Vampiric Draining |       |     4 ||     4
  Use: Potion            |       |     2 ||     2
 Stab: Sleeping          |     2 |       ||     2
Armor: Robe              |     5 |       ||     5
       Leather armour    |     3 |    26 ||    29
Dodge: Dodged            |    40 |    58 ||    98
